TOP OF THE 1ST |
Orlando Calrissian batting - Pitching for New Orleans Looters : RHP Brad Rowland
|
Pitching: RHP Brad Rowland
|
|
Batting: LHB Craig Kenney
|
0-0: Ball 1-0: Swinging Strike 1-1: Foul Ball, location: 2F 1-2: Foul Ball, location: 2F 1-2: Foul Ball, location: 2F 1-2: Foul Ball, location: 2F 1-2: Foul Ball, location: 2F 1-2: Ball 2-2: Strikes out swinging
|
Batting: SHB Tim Abbott
|
0-0: Fly out, F6 (Popup, 6MS)
|
Batting: RHB Rich Anderson
|
0-0: Ball 1-0: Called Strike 1-1: Foul Ball, location: 2F 1-2: DOUBLE (Line Drive, 8LD)
|
Batting: RHB Raúl Canó
|
0-0: Ball 1-0: Ball 2-0: Foul Ball, location: 2F 2-1: Called Strike 2-2: Ball 3-2: Foul Ball, location: 2F 3-2: Fly out, F9 (Line Drive, 89M)
|
Top of the 1st over - 0 runs, 1 hit, 0 errors, 1 left on base; Orlando 0 - New Orleans 0 |
BOTTOM OF THE 1ST |
New Orleans Looters batting - Pitching for Orlando Calrissian : LHP Mark Collins
|
Pitching: LHP Mark Collins
|
|
Batting: LHB Miguel Colón
|
0-0: Ball 1-0: Called Strike 1-1: Foul Ball, location: 2F 1-2: Foul Ball, location: 2F 1-2: Strikes out swinging
|
Batting: RHB Dan Banks
|
0-0: Ball 1-0: Ball 2-0: Fly out, F3 (Popup, 3SF)
|
Batting: SHB Arturo Sánchez
|
0-0: Ball 1-0: SINGLE (Groundball, 34D)
|
Batting: SHB Oliver Deleón
|
0-0: Ball 1-0: Foul Ball, location: 2F 1-1: Ball 2-1: Foul Ball, location: 2F 2-2: Ball 3-2: Strikes out swinging
|
Bottom of the 1st over - 0 runs, 1 hit, 0 errors, 1 left on base; Orlando 0 - New Orleans 0 |
TOP OF THE 2ND |
Orlando Calrissian batting - Pitching for New Orleans Looters : RHP Brad Rowland
|
Batting: RHB Gabriel Ángel
|
0-0: Ball 1-0: Swinging Strike 1-1: Ball 2-1: Foul Ball, location: 2F 2-2: Strikes out swinging
|
Batting: LHB Juan Colón
|
0-0: Ball 1-0: Foul Ball, location: 2F 1-1: Foul Ball, location: 2F 1-2: Ball 2-2: Ball 3-2: Ground out 1-3 (Groundball, 13S)
|
Batting: LHB Danny Allen
|
0-0: Foul Ball, location: 2F 0-1: Ball 1-1: Ball 2-1: Ball 3-1: Base on Balls
|
Batting: RHB Jesús Gonzáles
|
0-0: Called Strike 0-1: Ball 1-1: DOUBLE (Line Drive, 7D) Danny Allen to third
|
Batting: RHB Robby Lewis
|
0-0: Fly out, F9 (Flyball, 89M)
|
Top of the 2nd over - 0 runs, 1 hit, 0 errors, 2 left on base; Orlando 0 - New Orleans 0 |
BOTTOM OF THE 2ND |
New Orleans Looters batting - Pitching for Orlando Calrissian : LHP Mark Collins
|
Batting: RHB Greg Handrahan
|
0-0: Ball 1-0: Fly out, F7 (Flyball, 78D)
|
Batting: RHB Ramón Hernández
|
0-0: Ball 1-0: Called Strike 1-1: Foul Ball, location: 2F 1-2: Foul Ball, location: 2F 1-2: Ball 2-2: Ball 3-2: Fly out, F7 (Flyball, 7LM)
|
Batting: RHB Dave O'Loan
|
0-0: Called Strike 0-1: Called Strike 0-2: Strikes out swinging
|
Bottom of the 2nd over - 0 runs, 0 hits, 0 errors, 0 left on base; Orlando 0 - New Orleans 0 |
TOP OF THE 3RD |
Orlando Calrissian batting - Pitching for New Orleans Looters : RHP Brad Rowland
|
Batting: LHB Craig Kenney
|
0-0: Called Strike 0-1: Foul Ball, location: 2F 0-2: Foul Ball, location: 2F 0-2: Ball 1-2: Strikes out looking
|
Batting: SHB Tim Abbott
|
0-0: Called Strike 0-1: Ball 1-1: Fly out, F8 (Flyball, 8LS)
|
Batting: RHB Rich Anderson
|
0-0: Called Strike 0-1: Ball 1-1: Ball 2-1: Foul Ball, location: 2F 2-2: SINGLE (Line Drive, 78M)
|
Batting: RHB Raúl Canó
|
0-0: Called Strike 0-1: Fly out, F9 (Flyball, 9D)
|
Top of the 3rd over - 0 runs, 1 hit, 0 errors, 1 left on base; Orlando 0 - New Orleans 0 |
BOTTOM OF THE 3RD |
New Orleans Looters batting - Pitching for Orlando Calrissian : LHP Mark Collins
|
Batting: RHB Run-ming Zhu
|
0-0: Called Strike 0-1: Ground out 5-3 (Groundball, 56S)
|
Batting: LHB Eduardo Rodríguez
|
0-0: Foul Ball, location: 2F 0-1: Called Strike 0-2: Foul Ball, location: 2F 0-2: Foul Ball, location: 2F 0-2: Strikes out looking
|
Batting: LHB Miguel Colón
|
0-0: Ball 1-0: Foul Ball, location: 2F 1-1: Called Strike 1-2: SINGLE (Line Drive, 8LS)
|
Batting: RHB Dan Banks
|
0-0: Swinging Strike 0-1: Ball 1-1: Ball 2-1: Fly out, F8 (Flyball, 78M)
|
Bottom of the 3rd over - 0 runs, 1 hit, 0 errors, 1 left on base; Orlando 0 - New Orleans 0 |
TOP OF THE 4TH |
Orlando Calrissian batting - Pitching for New Orleans Looters : RHP Brad Rowland
|
Batting: RHB Gabriel Ángel
|
0-0: Ball 1-0: Called Strike 1-1: Ball 2-1: Ball 3-1: SINGLE (Groundball, 56D)
|
Batting: LHB Juan Colón
|
0-0: Ball 1-0: Foul Ball, location: 2F 1-1: SINGLE (Groundball, 34D) Gabriel Ángel to second Runner from 2nd tries for 3rd, SAFE, throw made to third
|
Batting: LHB Danny Allen
|
0-0: Ball 1-0: Ball 2-0: Ball 3-0: Called Strike 3-1: Grounds into double play, 4-6-3 (Groundball, 4) Gabriel Ángel scores
|
Batting: RHB Jesús Gonzáles
|
0-0: Ground out 6-3 (Groundball, 6)
|
Top of the 4th over - 1 run, 2 hits, 0 errors, 0 left on base; Orlando 1 - New Orleans 0 |
BOTTOM OF THE 4TH |
New Orleans Looters batting - Pitching for Orlando Calrissian : LHP Mark Collins
|
Batting: SHB Arturo Sánchez
|
0-0: Ball 1-0: Called Strike 1-1: Swinging Strike 1-2: Ground out U3 (Groundball, 34)
|
Batting: SHB Oliver Deleón
|
0-0: Ball 1-0: Ball 2-0: Ball 3-0: Base on Balls
|
Batting: RHB Greg Handrahan
|
0-0: Called Strike 0-1: Ball 1-1: Swinging Strike 1-2: Strikes out swinging
|
Batting: RHB Ramón Hernández
|
0-0: Fly out, F8 (Flyball, 8RXD)
|
Bottom of the 4th over - 0 runs, 0 hits, 0 errors, 1 left on base; Orlando 1 - New Orleans 0 |
TOP OF THE 5TH |
Orlando Calrissian batting - Pitching for New Orleans Looters : RHP Brad Rowland
|
Batting: RHB Robby Lewis
|
0-0: Called Strike 0-1: Ball 1-1: Ball 2-1: Ball 3-1: Ground out 6-3 (Groundball, 6MS)
|
Batting: LHB Craig Kenney
|
0-0: Foul Ball, location: 2F 0-1: Swinging Strike 0-2: Ball 1-2: Strikes out looking
|
Batting: SHB Tim Abbott
|
0-0: Called Strike 0-1: SINGLE (Line Drive, 34)
|
Batting: RHB Rich Anderson
|
0-0: Ball 1-0: Ball 2-0: Foul Ball, location: 2F 2-1: Fly out, F7 (Flyball, 7S)
|
Top of the 5th over - 0 runs, 1 hit, 0 errors, 1 left on base; Orlando 1 - New Orleans 0 |
BOTTOM OF THE 5TH |
New Orleans Looters batting - Pitching for Orlando Calrissian : LHP Mark Collins
|
Batting: RHB Dave O'Loan
|
0-0: Ball 1-0: Fly out, F8 (Line Drive, 8LM)
|
Batting: RHB Run-ming Zhu
|
0-0: Ball 1-0: Called Strike 1-1: Foul Ball, location: 2F 1-2: Strikes out swinging
|
Batting: LHB Eduardo Rodríguez
|
0-0: Called Strike 0-1: Called Strike 0-2: Ball 1-2: Fly out, F6 (Line Drive, 6)
|
Bottom of the 5th over - 0 runs, 0 hits, 0 errors, 0 left on base; Orlando 1 - New Orleans 0 |
TOP OF THE 6TH |
Orlando Calrissian batting - Pitching for New Orleans Looters : RHP Brad Rowland
|
Batting: RHB Raúl Canó
|
0-0: Ball 1-0: Foul Ball, location: 2F 1-1: Foul Ball, location: 2F 1-2: Ball 2-2: Ball 3-2: Fly out, F4 (Popup, 4M)
|
Batting: RHB Gabriel Ángel
|
0-0: Foul Ball, location: 2F 0-1: Swinging Strike 0-2: Foul Ball, location: 2F 0-2: Strikes out swinging
|
Batting: LHB Juan Colón
|
0-0: Ball 1-0: Called Strike 1-1: Ball 2-1: Swinging Strike 2-2: Foul Ball, location: 2F 2-2: Foul Ball, location: 2F 2-2: Ground out 5-3 (Groundball, 56)
|
Top of the 6th over - 0 runs, 0 hits, 0 errors, 0 left on base; Orlando 1 - New Orleans 0 |
BOTTOM OF THE 6TH |
New Orleans Looters batting - Pitching for Orlando Calrissian : LHP Mark Collins
|
Now at 1B: Júlio Negrón
|
|
Batting: LHB Miguel Colón
|
0-0: Called Strike 0-1: Swinging Strike 0-2: Ball 1-2: Ball 2-2: Ball 3-2: Strikes out swinging
|
Batting: RHB Dan Banks
|
0-0: Ball 1-0: Ball 2-0: SINGLE (Groundball, 34D)
|
Batting: SHB Arturo Sánchez
|
0-0: Ball Dan Banks steals 2nd base 1-0: Ball 2-0: Called Strike 2-1: SINGLE (Groundball, 34D) Dan Banks to third Runner from 3rd tries for Home, SAFE, no throw
|
Batting: SHB Oliver Deleón
|
0-0: Ball 1-0: Foul Ball, location: 2F 1-1: Ball 2-1: Ball 3-1: SINGLE (Flyball, 89M) Arturo Sánchez to second Runner from 2nd tries for 3rd, SAFE, no throw
|
Batting: RHB Greg Handrahan
|
0-0: Ball 1-0: Swinging Strike 1-1: Swinging Strike 1-2: Strikes out swinging
|
Batting: RHB Ramón Hernández
|
0-0: Ball 1-0: Called Strike 1-1: Ball 2-1: Ball 3-1: Called Strike 3-2: Base on Balls Oliver Deleón to second
|
Batting: RHB Dave O'Loan
|
0-0: Swinging Strike 0-1: Swinging Strike 0-2: Ball 1-2: Ball 2-2: Strikes out swinging
|
Bottom of the 6th over - 1 run, 3 hits, 0 errors, 3 left on base; Orlando 1 - New Orleans 1 |
TOP OF THE 7TH |
Orlando Calrissian batting - Pitching for New Orleans Looters : RHP Brad Rowland
|
Pitching: RHP Fergus Wakeford
|
|
Batting: LHB Danny Allen
|
0-0: Swinging Strike 0-1: Foul Ball, location: 2F 0-2: Foul Ball, location: 2F 0-2: Ground out 6-3 (Groundball, 6M)
|
Batting: RHB Jesús Gonzáles
|
0-0: Ball 1-0: SINGLE (Line Drive, 89M)
|
Batting: RHB Robby Lewis
|
0-0: Ground out 3-1 (Groundball, 34) Jesús Gonzáles to second
|
Batting: LHB Craig Kenney
|
0-0: Called Strike 0-1: Foul Ball, location: 2F 0-2: Ball Wild Pitch! Jesús Gonzáles to third 1-2: Foul Ball, location: 2F 1-2: SINGLE (Groundball, 15) (infield hit) Jesús Gonzáles scores
|
Batting: SHB Tim Abbott
|
0-0: Called Strike 0-1: Ball Craig Kenney steals 2nd base 1-1: Ball 2-1: Ball 3-1: Called Strike 3-2: Base on Balls
|
Batting: RHB Rich Anderson
|
0-0: Called Strike 0-1: Fielders Choice at 2nd, 5-4 (Groundball, 56)
|
Top of the 7th over - 1 run, 2 hits, 0 errors, 2 left on base; Orlando 2 - New Orleans 1 |
BOTTOM OF THE 7TH |
New Orleans Looters batting - Pitching for Orlando Calrissian : LHP Mark Collins
|
Batting: RHB Run-ming Zhu
|
0-0: Ball 1-0: Called Strike 1-1: Foul Ball, location: 2F 1-2: Strikes out looking
|
Pitching: RHP Lance Sanders
|
|
Batting: LHB Eduardo Rodríguez
|
0-0: Ball 1-0: Foul Ball, location: 2F 1-1: Ball 2-1: Foul Ball, location: 2F 2-2: SINGLE (Line Drive, 6MD)
|
Batting: LHB Miguel Colón
|
0-0: Foul Ball, location: 2F 0-1: Ball 1-1: Foul Ball, location: 2F 1-2: Foul Ball, location: 2F 1-2: Ball 2-2: Ground out 4-3 (Groundball, 34) Eduardo Rodríguez to second
|
Batting: RHB Dan Banks
|
0-0: Called Strike 0-1: Foul Ball, location: 2F 0-2: Ball 1-2: Ball 2-2: Fly out, F7 (Flyball, 7)
|
Bottom of the 7th over - 0 runs, 1 hit, 0 errors, 1 left on base; Orlando 2 - New Orleans 1 |
TOP OF THE 8TH |
Orlando Calrissian batting - Pitching for New Orleans Looters : RHP Fergus Wakeford
|
Batting: RHB Raúl Canó
|
0-0: Ball 1-0: Foul Ball, location: 2F 1-1: Foul Ball, location: 2F 1-2: Fly out, F7 (Flyball, 7D)
|
Batting: RHB Júlio Negrón
|
0-0: Called Strike 0-1: Ball 1-1: Swinging Strike 1-2: Strikes out swinging
|
Batting: LHB Juan Colón
|
0-0: Swinging Strike 0-1: Ball 1-1: Ball 2-1: Swinging Strike 2-2: Foul Ball, location: 2F 2-2: Strikes out swinging
|
Top of the 8th over - 0 runs, 0 hits, 0 errors, 0 left on base; Orlando 2 - New Orleans 1 |
BOTTOM OF THE 8TH |
New Orleans Looters batting - Pitching for Orlando Calrissian : RHP Lance Sanders
|
Batting: SHB Arturo Sánchez
|
0-0: Foul Ball, location: 2F 0-1: Fly out, F6 (Line Drive, 6M)
|
Batting: SHB Oliver Deleón
|
0-0: Called Strike 0-1: Ground out 6-3 (Groundball, 6M)
|
Batting: RHB Greg Handrahan
|
0-0: Ground out 4-3 (Groundball, 4)
|
Bottom of the 8th over - 0 runs, 0 hits, 0 errors, 0 left on base; Orlando 2 - New Orleans 1 |
TOP OF THE 9TH |
Orlando Calrissian batting - Pitching for New Orleans Looters : RHP Fergus Wakeford
|
Pitching: LHP Juan Méndez
|
|
Batting: LHB Danny Allen
|
0-0: Ball 1-0: Fly out, F9 (Flyball, 9LMF)
|
Batting: RHB Jesús Gonzáles
|
0-0: Fly out, F8 (Flyball, 8RM)
|
Batting: RHB Robby Lewis
|
0-0: Ball 1-0: Foul Ball, location: 2F 1-1: Ball 2-1: Ball 3-1: DOUBLE (Line Drive, 8RXD)
|
Pinch Hitting: SHB Javier Jiménez
|
0-0: Ball 1-0: Called Strike 1-1: Swinging Strike 1-2: Ball 2-2: Ground out 3-1 (Groundball, 34S)
|
Top of the 9th over - 0 runs, 1 hit, 0 errors, 1 left on base; Orlando 2 - New Orleans 1 |
BOTTOM OF THE 9TH |
New Orleans Looters batting - Pitching for Orlando Calrissian : RHP Lance Sanders
|
Pitching: LHP Mike Murray
|
|
Now in CF: Sean White
|
|
Batting: RHB Ramón Hernández
|
0-0: Foul Ball, location: 2F 0-1: Foul Ball, location: 2F 0-2: Strikes out looking
|
Batting: RHB Dave O'Loan
|
0-0: Ball 1-0: Ball 2-0: SINGLE (Groundball, 6MD)
|
Pinch Runner at 1st Mario Álvarez:
|
|
Batting: RHB Run-ming Zhu
|
0-0: Swinging Strike 0-1: Ball 1-1: Grounds into double play, 6-4-3 (Groundball, 6)
|
Bottom of the 9th over - 0 runs, 1 hit, 0 errors, 0 left on base; Orlando 2 - New Orleans 1 |
|